Match 46973292
Unlisted

Match 46973292
End
Construct Infanterie Kompanie
Selects Luftwaffe Battlegroup
Selects Luftwaffe Pioneer Support
Fallschirmpioneer Squad Paradrop
MG 42 Machine Gun Team
GrW 34 Mortar Team
Fallschirmpioneer Squad Paradrop
Selects Flak 38 Anti-Air Emplacement
GrW 34 Mortar Team
Fallschirmpioneer Squad Paradrop
Construct Luftwaffe Kompanie
Jäger Squad
Support Elements
Wirbelwind Flakpanzer
Selects Flak 36 Anti-tank Gun Emplacement
Construct Panzer Kompanie
Medical Station
Jäger Squad
Selects Stuka Strafing Run
Selects Fallschirmjäger Squad Paradrop
Selects Fragmentation Bombs
Stuka Strafing Run
Fallschirmpioneer Squad Paradrop
Marder III M Tank Destroyer
Panzer IV Medium Tank
Stuka Strafing Run
Side Skirts
Stuka Strafing Run
Fallschirmpioneer Squad Paradrop
Fallschirmpioneer Squad Paradrop
MAVNE
Sad Pepe
gio_misro
Smarmz
LOMedgardo
Tyrioner
0
0

Comments sign in to comment!

No comments posted yet!